 Dungeon Crawl Stone Soup version 0.31-a0-1161-g593ecc88b7 (webtiles) character file.

Game seed: 13382065018377051347

3287549 cheburek the Conqueror (level 27, 146/267 (273) HPs)
             Began as a Minotaur Fighter on Dec 8, 2023.
             Was the Champion of Qazlal.
             Escaped with the Orb
             ... and 5 runes!
             The game lasted 03:18:32 (66966 turns).

cheburek the Conqueror (Minotaur Fighter)          Turns: 66966, Time: 03:18:33

HP:   146/267 (273) AC: 45    Str: 31    XL:     27
MP:   31/31         EV: 13    Int:  8    God:    Qazlal [******]
Gold: 7570          SH: 32    Dex:  8    Spells: 26/26 levels left

rFire   + + +        b - +9 broad axe (vamp)
rCold   + + +        a - +2 shield of Resistance {rF++ rC++ Will++}
rNeg    . . .        l - +9 gold dragon scales
rPois   +            (helmet restricted)
rElec   +            g - +2 cloak {Stlth+}
rCorr   +            J - +0 pair of gloves of Resourcefulness {Will++ Int-2}
SInv    +            F - +2 pair of boots {rampage}
Will    +++++        v - amulet of Ugisif {Reflect rPois rF++ Dex-3 SH+5 SInv} Stlth
                     V - ring "Ovefit Ymper" {rElec rCorr Int+3}
HPRegen 0.64/turn    q - ring of Hakaamiu {Fly rPois Dex+3}
MPRegen 0.22/turn

%: repel missiles, reflection, rampage
@: flying, studying 3 skills, lightly drained
A: horns 2, retaliatory headbutt, clumsy 1, deterioration 2, dopey 1, sense
surroundings 1, screaming 1, teleportitis 1, wild magic 1, no potion heal 1,
heat vulnerability 1, inability to drink after injury 1, inability to read after
injury 2, devolution 1, persistent drain
0: Orb of Zot
}: 5/15 runes: decaying, slimy, silver, abyssal, gossamer
a: Renounce Religion, Upheaval, Elemental Force, Disaster Area


You escaped.
You worshipped Qazlal.
Qazlal was exalted by your worship.
You visited 14 branches of the dungeon, and saw 58 of its levels.
You visited the Abyss 1 time.
You visited 1 bazaar.
You also visited: Trove, Gauntlet, Ice Cave and Desolation.

You collected 12798 gold pieces.
You spent 5228 gold pieces at shops.

Inventory:

Hand Weapons
 b - a +9 vampiric broad axe (weapon)
 E - the +5 demon whip "Spellbinder" {antimagic, disrupt, Will+}
   (You found it on level 2 of the Realm of Zot)

   Will+:     It increases your willpower.
 K - the +2 Maxwell's thermic engine {flame, freeze, rev}
   (You found it in an ice cave)
 M - the +7 great mace "Firestarter" {flame, immolate, rFlCloud rF++}
   (You took it off a minotaur in a Gauntlet)

   rFlCloud:  It grants immunity to clouds of flame.
   rF++:      It greatly protects you from fire.
Missiles
 S - 14 javelins (quivered)
 Z - 6 silver javelins
Armour
 a - the +2 shield of Resistance (worn) {rF++ rC++ Will++}
   (You bought it in a shop on level 1 of the Depths)

   rF++:      It greatly protects you from fire.
   rC++:      It greatly protects you from cold.
   Will++:    It greatly increases your willpower.
 g - a +2 cloak of stealth (worn)
 l - +9 gold dragon scales (worn)
 F - a +2 pair of boots of rampaging (worn)
 H - the +2 hat of Moral Flaws {-Cast rN+++ Str-4 Dex+5}
   (You found it in a treasure trove)

   Str-4:     It affects your strength (-4).
   Dex+5:     It affects your dexterity (+5).
   rN+++:     It renders you almost immune to negative energy.
   -Cast:     It prevents spellcasting.
 J - the +0 pair of gloves of Resourcefulness (worn) {Will++ Int-2}
   (You acquired it on level 1 of the Swamp)

   Int-2:     It affects your intelligence (-2).
   Will++:    It greatly increases your willpower.
Jewellery
 q - the ring of Hakaamiu (right hand) {Fly rPois Dex+3}
   (You found it in a treasure trove)

   [ring of flight]

   Dex+3:     It affects your dexterity (+3).
   rPois:     It protects you from poison Fly: It grants you flight.
 r - the ring "Tiurch" {rPois rN+ Will+ Str-2 Slay+4}
   (You took it off a servant of whispers in the Desolation of Salt)

   [ring of slaying]

   Str-2:     It affects your strength (-2).
   Slay+4:    It affects your accuracy & damage with ranged weapons and melee
   (+4).
   rPois:     It protects you from poison rN+: It protects you from negative
   energy.
   Will+:     It increases your willpower.
 v - the amulet of Ugisif (around neck) {Reflect rPois rF++ Dex-3 SH+5 SInv}
   (You found it in a treasure trove)

   [amulet of reflection]

   Reflect:   It reflects blocked missile attacks.
   Dex-3:     It affects your dexterity (-3).
   rF++:      It greatly protects you from fire.
   rPois:     It protects you from poison SInv: It lets you see invisible.
   SH+5:      It affects your SH (+5).
 z - the ring of the Bursted God {Ice +Blink Will+ MP+9 Str+2}
   (You took it off Josephina on level 1 of the Crypt)

   [ring of ice]

   Ice:       It enhances your ice magic.
   Str+2:     It affects your strength (+2).
   rF-:       It makes you vulnerable to fire.
   rC+:       It protects you from cold.
   Will+:     It increases your willpower.
   MP+9:      It affects your magic capacity (+9).
   +Blink:    It lets you blink.
 G - the ring of Bunlo {rC+ Will+ rCorr Dex-3 SInv}
   (You found it in a treasure trove)

   [ring of willpower]

   Dex-3:     It affects your dexterity (-3).
   rC+:       It protects you from cold.
   Will+:     It increases your willpower.
   SInv:      It lets you see invisible.
   rCorr:     It protects you from acid and corrosion.
 I - a ring of poison resistance
 V - the ring "Ovefit Ymper" (left hand) {rElec rCorr Int+3}
   (You found it in a treasure trove)

   [ring of resist corrosion]

   Int+3:     It affects your intelligence (+3).
   rElec:     It insulates you from electricity.
   rCorr:     It protects you from acid and corrosion.
Wands
 i - a wand of mindburst (49)
 k - a wand of polymorph (47)
 m - a wand of roots (57)
 y - a wand of digging (9)
 A - a wand of flame (45)
 N - a wand of quicksilver (47)
Scrolls
 f - 17 scrolls of teleportation
 h - 3 scrolls of enchant weapon
 j - 2 scrolls of torment
 o - 5 scrolls of revelation
 s - 7 scrolls of immolation
 u - 6 scrolls of silence
 w - 4 scrolls of enchant armour
 B - 10 scrolls of poison
 T - 2 scrolls of fog
 W - 5 scrolls of fear
 Y - 2 scrolls of summoning
Potions
 c - 8 potions of lignification
 d - 9 potions of might
 e - 13 potions of curing
 n - 10 potions of brilliance
 p - 7 potions of magic
 t - 7 potions of resistance
 x - 2 potions of mutation
 C - 5 potions of haste
 D - 5 potions of ambrosia
 L - 6 potions of heal wounds
 R - 6 potions of attraction
 X - 5 potions of invisibility
Miscellaneous
 Q - a phantom mirror


   Skills:
 O Level 27 Fighting
 - Level 19.2 Long Blades
 O Level 27 Axes
 - Level 4.0(18.4) Maces & Flails
 - Level 5.0 Throwing
 - Level 26.0 Armour
 + Level 21.0 Dodging
 O Level 27 Shields
 - Level 13.0 Invocations
 - Level 12.0 Evocations


You had 26 spell levels left.
You didn't know any spells.
Your spell library contained the following spells:

 Spells                   Type           Power      Damage    Failure   Level
 Apportation              Tloc           0%         N/A       96%         1
 Foxfire                  Conj/Fire      0%         2x1d4     96%         1
 Freeze                   Ice            0%         1d3       96%         1
 Magic Dart               Conj           0%         1d3       96%         1
 Necrotise                Necr           0%         1d4       96%         1
 Sandblast                Erth           0%         2d4       96%         1
 Sting                    Tmut/Pois      0%         1d3       96%         1
 Summon Small Mammal      Summ           0%         N/A       96%         1
 Blink                    Tloc           0%         N/A       99%         2
 Call Imp                 Summ           0%         N/A       99%         2
 Cigotuvi's Dreadful Rot  Necr/Pois/Air  0%         N/A       99%         2
 Ensorcelled Hibernation  Hex/Ice        0%         N/A       99%         2
 Jinxbite                 Hex            0%         N/A       99%         2
 Lesser Beckoning         Tloc           0%         N/A       99%         2
 Momentum Strike          Conj/Tloc      0%         3d8       99%         2
 Passwall                 Tmut/Erth      0%         N/A       99%         2
 Poisonous Vapours        Pois/Air       0%         N/A       99%         2
 Scorch                   Fire           0%         2d5       99%         2
 Sublimation of Blood     Necr           0%         N/A       99%         2
 Wereblood                Tmut           0%         N/A       99%         2
 Dazzling Flash           Conj/Hex       0%         N/A       100%        3
 Frozen Ramparts          Ice            0%         1d1       100%        3
 Gell's Gravitas          Tloc           0%         N/A       100%        3
 Ignite Poison            Fire/Tmut/Pois 0%         N/A       100%        3
 Inner Flame              Hex/Fire       0%         N/A       100%        3
 Mephitic Cloud           Conj/Pois/Air  0%         N/A       100%        3
 Ozocubu's Armour         Ice            0%         N/A       100%        3
 Stone Arrow              Conj/Erth      0%         3d7       100%        3
 Summon Guardian Golem    Hex/Summ       0%         N/A       100%        3
 Teleport Other           Tloc           0%         N/A       100%        3
 Tukima's Dance           Hex            0%         N/A       100%        3
 Airstrike                Air            0%         2d(0-16)  100%        4
 Anguish                  Hex/Necr       0%         N/A       100%        4
 Animate Armour           Summ/Erth      0%         N/A       100%        4
 Brom's Barrelling Bould  Conj/Erth      0%         2d3       100%        4
 Cause Fear               Hex            0%         N/A       100%        4
 Dimensional Bullseye     Hex/Tloc       0%         N/A       100%        4
 Flame Wave               Conj/Fire      0%         2d4       100%        4
 Manifold Assault         Tloc           0%         N/A       100%        4
 Passage of Golubria      Tloc           0%         N/A       100%        4
 Petrify                  Tmut/Erth      0%         N/A       100%        4
 Sticky Flame             Conj/Fire      0%         2d3       100%        4
 Summon Ice Beast         Ice/Summ       0%         N/A       100%        4
 Summon Lightning Spire   Summ/Air       0%         N/A       100%        4
 Vhi's Electric Charge    Tloc/Air       0%         N/A       100%        4
 Fireball                 Conj/Fire      0%         3d3       100%        5
 Freezing Cloud           Conj/Ice/Air   0%         6-21      100%        5
 Irradiate                Conj/Tmut      0%         3d11      100%        5
 Iskenderun's Battlesphe  Conj           0%         2d6       100%        5
 Lee's Rapid Deconstruct  Erth           0%         3d4*      100%        5
 Metabolic Englaciation   Hex/Ice        0%         N/A       100%        5
 Silence                  Hex/Air        0%         N/A       100%        5
 Summon Mana Viper        Hex/Summ       0%         N/A       100%        5
 Yara's Violent Unravell  Hex/Tmut       0%         3d3       100%        5
 Bombard                  Conj/Erth      0%         9d1       100%        6
 Conjure Ball Lightning   Conj/Air       0%         3x3d6     100%        6
 Dispersal                Tloc           0%         N/A       100%        6
 Eringya's Noxious Bog    Tmut/Pois      0%         4d6       100%        6
 Plasma Beam              Fire/Air       0%         2x1d10    100%        6
 Simulacrum               Ice/Necr       0%         N/A       100%        6
 Starburst                Conj/Fire      0%         6d3       100%        6
 Summon Cactus Giant      Summ           0%         N/A       100%        6
 Haunt                    Necr/Summ      0%         N/A       100%        7
 Malign Gateway           Summ/Tloc      0%         N/A       100%        7
 Monstrous Menagerie      Summ           0%         N/A       100%        7
 Orb of Destruction       Conj           0%         9d5       100%        7
 Ozocubu's Refrigeration  Ice            0%         4d7       100%        7
 Spellforged Servitor     Conj/Summ      0%         N/A       100%        7
 Summon Hydra             Summ           0%         N/A       100%        7
 Borgnjor's Revivificati  Necr           0%         N/A       100%        8
 Discord                  Hex            0%         N/A       100%        8
 Disjunction              Tloc           0%         N/A       100%        8
 Ignition                 Fire           0%         3d3       100%        8
 Lehudib's Crystal Spear  Conj/Erth      0%         10d2      100%        8
 Chain Lightning          Conj/Air       0%         N/A       100%        9
 Death's Door             Necr           0%         N/A       100%        9
 Dragon's Call            Summ           0%         N/A       100%        9
 Fire Storm               Conj/Fire      0%         5d1       100%        9
 Polar Vortex             Ice            0%         N/A       100%        9


Dungeon Overview and Level Annotations

Branches:
Dungeon (15/15)            Temple (1/1) D:5            Lair (5/5) D:8
  Swamp (4/4) Lair:2       Spider (4/4) Lair:3        Slime (5/5) Lair:4
    Orc (2/2) D:12            Elf (3/3) Orc:2        Vaults (5/5) D:14
  Crypt (3/3) Vaults:3       Tomb (0/3) Crypt:3      Depths (4/4) D:15
   Hell (visited)             Dis (0/7) Hell            Geh (0/7) Hell
    Coc (1/7) Hell            Tar (0/7) Hell            Zot (5/5) Depths:4
  IceCv (visited)         Desolation (visited)      Gauntlet (visited)

Altars:
Ashenzari
Cheibriados
Dithmenos
Elyvilon
Fedhas
Gozag
Hepliaklqana
Kikubaaqudgha
Makhleb
Nemelex Xobeh
Okawaru
Qazlal
Ru
Sif Muna
Trog
Uskayaw
Vehumet
Wu Jian
Xom
Yredelemnul
Zin
The Shining One
Jiyva
Lugonu

Shops:
D:2 (   D:3 (   D:12 (*   Orc:2 *:[*   Elf:2 :   Vaults:1 (=   Vaults:2 *
Vaults:4 :   Depths:1 *(([

Portals:
Hell: Depths:1 Depths:2 Depths:3 Depths:4
Abyss: Depths:3 Depths:4
Pandemonium: Depths:2 Depths:3
Ziggurat: Depths:2

Annotations:
D:3 3 runed translucent doors, BigAl98's ghost, amateur MiFi
D:6 1 transporter, Tungsten's ghost, novice OpSh
Lair:1 2 transporters, Fuykliru's ghost, journeyman MiFi


Innate Abilities, Weirdness & Mutations

You have a pair of horns on your head.
You reflexively headbutt those who attack you in melee.
You are clumsy. (Dex -2)
Your body often deteriorates upon taking damage.
You are dopey. (Int -2)
You passively map a small area around you.
You occasionally shout uncontrollably at your foes.
You are occasionally teleported next to monsters.
Your spells are a little harder to cast, but a little more powerful.
Potions are less effective at restoring your health.
You are vulnerable to heat. (rF-)
You occasionally lose the ability to drink potions when taking damage.
You sometimes lose the ability to read scrolls when taking damage.
You have hidden genetic defects.
Your health recovers twice as slowly from being drained.


Message History

A Brimstone Fiend comes into view.
No reachable target in view!
Cleave: b) +9 broad axe (vamp)
Press: ? - help, Dir - move target, f - Brimstone Fiend
Aim: a Brimstone Fiend (water, about 14% to evade your +9 vampiric broad axe)
Your weapon can't reach that far!
Okay, then.
Blink to where?
Press: ? - help, Dir - move target
As you read the scroll of blinking, it crumbles to dust.
The Brimstone Fiend gestures at you.
The sphere of damnation explodes!
The damnation engulfs you!
There is a stone staircase leading up here.
The Brimstone Fiend calls on the powers of darkness!
Your body is wracked with pain!
You fly upwards.
There is a stone staircase leading down here.
You see here a +0 club.
You see here a +0 whip.
Goliny comes into view.
A small abomination comes into view.
Blink to where?
Press: ? - help, Dir - move target
As you read the scroll of blinking, it crumbles to dust.
Goliny gestures at you. The bolt of negative energy hits you!
You feel drained.
You block the small abomination's attack.
Blink to where?
Press: ? - help, Dir - move target
Okay, then.
Cleave: b) +9 broad axe (vamp)
Press: ? - help, Dir - move target Your weapon can't reach that far!
Okay, then.
Blink to where?
Press: ? - help, Dir - move target
As you read the scroll of blinking, it crumbles to dust.
A neqoxec comes into view.
There is a staircase leading out of the dungeon here.
You have escaped!

.#....##..##...#8## #.##.# #.#..
.#.............#.# #.##.# #.#..
.............###.### #.##.# #.#..
..#...##...###.....###....# #....
..#........#.........#.##########
####.###..##.........###8##8##8##
..........#.8.○..................
####..#.###....°○......(...§.....
#.#..8.....3.@.○.x..&.........
#....###......°...............
###...#..#.8.....§...........&..
#...[....##.........###8##8##8##
#.#.......#.........#.##########
##.#.......###.....###...........
...........#####.#####.##.#......
.#.#...........#.#...............
...#.####..###.#8##........^.....


You could see Goliny, a neqoxec and a small abomination.

Vanquished Creatures
  the Royal Jelly (Slime:5)
  5 orbs of fire
  2 ancient liches
  Vv (Depths:2)
  Josephina (Crypt:1)
  Sojobo (Crypt:1)
  Bai Suzhen (Depths:2)
  Boris (twice) (Depths:4 Crypt:1)
  4 Killer Klowns
  Xtahua (Vaults:5)
  Saint Roka (Crypt:2)
  3 caustic shrikes (Depths:4)
  3 curse toes
  Geryon (Hell)
  2 profane servitors
  8 golden dragons
  Nikola (Elf:2)
  Jory (Vaults:3)
  7 bone dragons
  Norris (Vaults:4)
  Arachne (Spider:1)
  A shard shrike zombie (Crypt:2)
  2 electric golems
  Rupert (Lair:5)
  A hellephant (Hell)
  6 quicksilver dragons
  11 tentacled monstrosities
  An Ice Fiend (Coc:1)
  10 liches
  Murray (Hell)
  23 Orb Guardians
  2 deep elf master archers (Elf:3)
  A deep elf blademaster (Elf:3)
  Mlioglotl (Swamp:4)
  6 titans
  5 sphinxes
  2 Executioners
  26 acid blobs
  12 tentacled starspawn
  Gastronok (D:12)
  6 death cobs
  7 ancient champions
  4 storm dragons
  6 shadow dragons
  Roxanne (D:14)
  Donald (Swamp:2)
  A draconian monk (Zot:3)
  A nargun (Coc:1)
  13 tengu reavers
  9 azure jellies
  Aizul (Spider:2)
  A fenstrider witch (Swamp:4)
  7 rockslimes
  3 revenants
  8 fire giants
  3 iron dragons
  3 draconian knights
  7 emperor scorpions
  Louise (Elf:2)
  24 vault wardens
  5 curse skulls
  3 draconian scorchers (Depths:4)
  An imperial myrmidon (Desolation)
  14 frost giants
  2 draconian shifters
  11 deep elf elementalists (Elf:3)
  2 balrugs
  4 deep elf sorcerers
  3 reapers
  24 very ugly things
  A draconian stormcaller (Zot:4)
  9 ghost moths
  4 war gargoyles
  6 orc warlords
  21 ironbound preservers
  3 formless jellyfish (Slime:2)
  A spriggan defender (Depths:1)
  3 cacodemons
  11 quicksilver oozes
  A caustic shrike skeleton (Crypt:3)
  24 stone giants
  8 ghouls
  7 vampire knights
  5 draconian annihilators
  6 ironbound thunderhulks
  The ghost of AceOff the Mimic, a journeyman DrSh of Ashenzari (Lair:3)
  4 elemental wellsprings (Coc:1)
  Nessos (Lair:3)
  2 black draconians
  5 red draconians
  2 white draconians (Zot:2)
  5 deep elf annihilators (Elf:3)
  2 eleionomae (Swamp:3)
  8 deep elf demonologists
  9 bunyips
  A lorocyproca (Hell)
  2 halazid warlocks (Desolation)
  3 purple draconians
  2 wendigos (Coc:1)
  A minotaur (Gauntlet)
  A dire elephant (Vaults:3)
  6 yellow draconians
  5 spark wasps
  A green death (Depths:3)
  19 ettins
  4 blizzard demons
  A crystal guardian (Desolation)
  2 mummy priests
  4 eidola
  5 deep elf death magi
  10 fire dragons
  4 deep elf high priests
  A merfolk impaler (Depths:1)
  11 ragged hierophants (Desolation)
  13 yaktaur captains
  3 spriggan zombies
  An entropy weaver (Vaults:1)
  3 jiangshi (Depths:3)
  A caustic shrike simulacrum (Coc:1)
  Harold (D:11)
  10 ice dragons
  19 great orbs of eyes
  4 ogre magi
  8 servants of whispers (Desolation)
  31 vault guards
  A jorogumo (Spider:3)
  4 spriggan air magi
  3 spriggan skeletons
  12 hydras
  4 radroaches
  14 peacekeepers
  12 ironbound frosthearts
  A bennu zombie (Crypt:2)
  2 ghost crabs
  3 rakshasas
  17 centaur warriors
  2 fenstrider witch skeletons (Crypt:3)
  35 dancing weapons
  5 alligators
  A catoblepas (Lair:3)
  23 two-headed ogres
  4 boulder beetles
  6 death knights
  6 tengu warriors
  6 thrashing horrors (Abyss:3)
  6 deep troll shamans
  6 deep troll earth magi
  7 vampire magi
  5 death yaks
  Urug (Lair:3)
  5 orc high priests
  7 demonic crawlers
  4 spriggan berserkers
  15 hell hogs
  22 hell knights
  2 titan skeletons (Crypt:3)
  Sonja (Lair:3)
  3 iron trolls
  2 storm dragon zombies
  6 spriggans
  10 wretched stars
  13 deep elf knights
  A shadow wraith (Abyss:3)
  7 skysharks
  7 sun demons
  A sixfirhy (Depths:4)
  A sun moth (Spider:3)
  2 spatial maelstroms (Abyss:3)
  8 soul eaters
  3 pharaoh ants
  52 skeletal warriors
  6 goliath frogs
  A goliath frog (shapeshifter) (Vaults:5)
  3 spark wasp zombies
  A death drake (Abyss:2)
  A shadow demon (Abyss:3)
  18 large abominations
  70 deep trolls
  An anaconda zombie (Hell)
  An orb spider (shapeshifter) (Depths:4)
  11 orb spiders
  A swamp dragon (shapeshifter) (Vaults:3)
  A glowing orange brain (shapeshifter) (Depths:2)
  A kraken simulacrum (Hell)
  6 spriggan druids
  7 deep elf archers
  3 spriggan simulacra
  2 swamp dragons
  8 flayed ghosts
  5 steelbarb worms
  5 glowing orange brains
  5 bog bodies
  2 shadow dragon zombies (Hell)
  3 arcanists
  11 lindwurms
  14 ironbound convokers
  2 obsidian statues
  A steelbarb worm (shapeshifter) (Depths:2)
  19 phantasmal warriors
  26 deep elf pyromancers
  3 anaconda skeletons
  9 orc sorcerers
  21 deep elf zephyrmancers
  17 orc knights
  9 necromancers
  An eleionoma zombie (Crypt:3)
  3 will-o-the-wisps
  31 wolf spiders
  2 shining eyes (shapeshifter)
  6 frost giant zombies (Hell)
  2 manticores
  6 shining eyes
  2 worldbinders (Abyss:3)
  30 ugly things
  A tengu skeleton (Hell)
  7 elephants (Lair:5)
  A goliath frog skeleton (Crypt:3)
  2 guardian serpents
  A dire elephant zombie (Abyss:3)
  14 rust devils
  2 centaur zombies (Crypt:1)
  5 cyclopes
  18 moths of wrath
  12 black mambas
  Joseph (D:8)
  A black mamba (shapeshifter) (D:15)
  A molten gargoyle (Desolation)
  2 stone giant skeletons
  5 orange demons
  2 ice statues
  A titan simulacrum (Depths:3)
  5 eyes of devastation
  2 cane toads (shapeshifter)
  4 torpor snails
  14 vault sentinels
  A centaur skeleton (Crypt:3)
  3 apocalypse crabs (Abyss:3)
  16 cane toads
  3 torpor snails (shapeshifter)
  7 smoke demons
  2 unseen horrors
  2 hellions
  4 rime drakes
  3 bunyip simulacra
  A kobold demonologist (D:13)
  A sea snake zombie (Hell)
  8 komodo dragons
  An efreet (Abyss:2)
  16 freezing wraiths
  2 tormentors
  4 spectral deep trolls (Crypt:1)
  3 ice devils
  3 anaconda simulacra
  56 yaktaurs
  6 tengu conjurers
  A silent spectre (Abyss:3)
  7 guardian mummies
  2 sea snake skeletons (Hell)
  9 trolls
  12 meliai
  4 red devils
  2 harpy zombies
  2 hellwings
  A bloated husk (Swamp:2)
  10 hornets
  A harpy skeleton (Crypt:2)
  Grinder (D:6)
  An alligator simulacrum (Hell)
  A tarantella (shapeshifter) (Vaults:3)
  A wind drake (shapeshifter) (Vaults:5)
  25 polar bears
  6 tyrant leeches
  A hydra skeleton (Crypt:3)
  12 raiju
  27 tarantellas
  54 saltlings
  14 blink frogs
  2 tengu simulacra
  A stone giant simulacrum (Coc:1)
  An iron dragon simulacrum (Coc:1)
  8 glass eyes
  An ettin zombie (Hell)
  6 dream sheep (Lair:5)
  97 slime creatures
  A jumping spider (shapeshifter) (Elf:2)
  A centaur simulacrum (D:15)
  A guardian serpent skeleton (Crypt:2)
  23 culicivoras
  Sigmund (D:3)
  28 flying skulls
  2 shadows
  A dire elephant simulacrum (Coc:1)
  5 air elementals
  15 wyverns
  11 wraiths
  21 jumping spiders
  An elf simulacrum (Vaults:4)
  3 ettin skeletons
  A fire dragon skeleton (Crypt:2)
  13 water elementals
  8 ynoxinuls
  A vampire (Abyss:2)
  2 black mamba skeletons
  53 yaks
  3 fire elementals
  4 naga simulacra
  4 fire bats
  17 starcursed masses
  12 humans
  7 golden eyes
  A steam dragon (Lair:1)
  2 basilisks
  3 neqoxecs
  3 swamp worm simulacra (Swamp:4)
  3 chaos spawn (Abyss:3)
  45 redbacks
  10 vampire mosquitoes
  5 harpy simulacra
  17 swamp worms
  2 spatial vortices (Abyss:3)
  A glowing shapeshifter zombie (Hell)
  2 naga zombies
  A deep troll zombie (Crypt:2)
  7 wargs
  18 hydra simulacra
  13 small abominations
  3 naga skeletons
  28 water moccasins
  22 hell hounds
  29 orc warriors
  A swamp drake (Swamp:2)
  13 black bears
  An ettin simulacrum (Coc:1)
  8 ogres
  A black mamba simulacrum (Crypt:1)
  3 boggarts (Vaults:2)
  A swamp dragon skeleton (Crypt:2)
  36 wolves
  A manticore skeleton (Crypt:3)
  7 centaurs
  A lindwurm skeleton (Crypt:1)
  A phantom (D:6)
  A rime drake zombie (Crypt:1)
  2 kobold brigands
  6 gnoll sergeants
  A yaktaur zombie (Crypt:1)
  14 bullfrogs
  A brain worm (Abyss:3)
  4 earth elementals
  A draconian skeleton (Crypt:2)
  5 scorpions
  A water moccasin zombie (Crypt:3)
  8 wights
  A polar bear skeleton (Crypt:1)
  6 killer bees (D:8)
  4 howler monkeys
  An electric eel (D:12)
  A wolf zombie (Crypt:3)
  2 quasits
  A bullfrog zombie (Crypt:3)
  2 jellies (D:6)
  3 hounds
  16 orc priests
  An iron imp (Abyss:3)
  3 iguanas
  32 orc wizards
  4 hell rats
  An ogre skeleton (Crypt:2)
  24 gnolls
  6 adders
  A steam dragon zombie (Crypt:3)
  5 river rats (Lair:3)
  3 shadow imps (Gauntlet)
  6 white imps
  4 ufetubi
  5 swamp drake simulacra (Swamp:4)
  2 worms
  5 dart slugs
  92 orcs
  11 ball pythons
  A bat skeleton (Crypt:3)
  2 bat zombies
  9 endoplasms
  3 giant cockroaches
  5 goblins
  7 hobgoblins
  9 jackals
  8 quokkas
  A ball python skeleton (Crypt:2)
  19 bats
  4 frilled lizards
  A frilled lizard skeleton (Crypt:1)
  21 kobolds
  A kobold skeleton (Crypt:1)
  9 rats
  2 lurking horrors (Abyss:3)
  11 starspawn tentacles
2878 creatures vanquished.

Vanquished Creatures (collateral kills)
  A deep elf sorcerer (Elf:3)
  A bunyip (Swamp:3)
  A deep elf annihilator (Elf:3)
  A peacekeeper (Desolation)
  2 saltlings (Desolation)
  A swamp worm (Swamp:3)
7 creatures vanquished.

Vanquished Creatures (others)
  A fire giant (Depths:1)
  A fenstrider witch (Swamp:3)
  2 deep elf knights
  A polar bear (IceCv)
  A saltling (Desolation)
  A swamp worm (Swamp:4)
  A small abomination (Abyss:2)
  2 orc wizards (D:12)
  An orc (Crypt:2)
  16 foxfires
  A lurking horror (Abyss:1)
  12 starspawn tentacles
  8 tentacles (Hell)
48 creatures vanquished.

Grand Total: 2933 creatures vanquished

Notes
Turn   | Place    | Note
-------+----------+-------------------------------------------
     0 | D:1      | cheburek the Minotaur Fighter began the quest for the Orb.
     0 | D:1      | Reached XP level 1. HP: 19/19 MP: 0/0
    96 | D:1      | Reached XP level 2. HP: 28/28 MP: 1/1
   284 | D:1      | Reached skill level 5 in Fighting
   492 | D:1      | Reached XP level 3. HP: 35/36 MP: 2/2
  1037 | D:2      | Found Plog's Weapon Boutique.
  1263 | D:2      | Found a faded altar of an unknown god.
  1537 | D:3      | Noticed Sigmund
  1566 | D:3      | Killed Sigmund
  1567 | D:3      | Reached XP level 4. HP: 31/47 MP: 3/3
  1567 | D:3      | Reached XP level 5. HP: 35/52 MP: 4/4
  1834 | D:3      | Found a runed translucent gate.
  1834 | D:3      | Found an opulent altar of Gozag.
  1834 | D:3      | Found a runed translucent gate.
  1835 | D:3      | Found a runed translucent gate.
  1835 | D:3      | Noticed BigAl98's ghost (amateur MiFi)
  1836 | D:3      | Noticed a sky beast
  2069 | D:3      | Reached XP level 6. HP: 56/60 MP: 5/5
  2081 | D:3      | Found Zievysta's Antique Weapon Boutique.
  2315 | D:4      | Reached skill level 5 in Armour
  2478 | D:4      | Reached skill level 5 in Axes
  2485 | D:4      | Reached XP level 7. HP: 48/66 MP: 6/6
  2662 | D:4      | Found a hide-covered altar of Uskayaw.
  2662 | D:4      | Found a shimmering blue altar of Sif Muna.
  2663 | D:4      | Found an iron altar of Okawaru.
  2913 | D:4      | Reached skill level 1 in Dodging
  3216 | D:5      | Entered Level 5 of the Dungeon
  3560 | D:5      | Found a staircase to the Ecumenical Temple.
  3575 | Temple   | Entered the Ecumenical Temple
  3585 | Temple   | Became a worshipper of Qazlal Stormbringer
  3641 | D:5      | Found a white marble altar of Elyvilon.
  3671 | D:5      | Reached XP level 8. HP: 73/73 MP: 7/7
  3936 | D:6      | Reached skill level 5 in Dodging
  4421 | D:6      | Noticed Tungsten's ghost (novice OpSh)
  4422 | D:6      | Found a transporter.
  4454 | D:6      | Noticed Grinder
  4484 | D:6      | Killed Grinder
  4532 | D:6      | Reached * piety under Qazlal
  4637 | D:6      | Reached XP level 9. HP: 79/79 MP: 8/8
  4774 | D:6      | Identified a scroll of acquirement
  4774 | D:6      | Acquired a +1 pair of gloves of infusion
  5056 | D:7      | Reached skill level 10 in Axes
  5224 | D:7      | Reached skill level 10 in Dodging
  5781 | D:8      | Noticed a death yak
  5782 | D:8      | Noticed a death yak
  5784 | D:8      | Noticed a death yak
  5786 | D:8      | Found a staircase to the Lair.
  5804 | D:7      | Killed a death yak
  6011 | D:8      | Killed a death yak
  6012 | D:8      | Reached XP level 10. HP: 75/88 MP: 3/9
  6017 | D:8      | Killed a death yak
  6134 | D:8      | Reached ** piety under Qazlal
  6169 | D:8      | Noticed Joseph
  6177 | D:8      | Killed Joseph
  6393 | D:8      | Identified the +0 short sword "Eturghoh" {protect, rF+
                  | Will+}
  6807 | D:8      | Reached skill level 15 in Dodging
  7112 | D:9      | Reached skill level 10 in Fighting
  7856 | D:9      | Reached XP level 11. HP: 98/99 MP: 6/10
  7866 | D:9      | Reached skill level 5 in Shields
  8011 | D:9      | Reached *** piety under Qazlal
  8358 | D:10     | Entered Level 10 of the Dungeon
  9248 | D:11     | Found a glowing silver altar of Zin.
  9248 | D:11     | Found Zin's Purification Station.
  9257 | D:11     | Bought a potion of curing for 90 gold pieces
  9281 | D:11     | Identified the +1 trident "Matrafargh" {heavy, Dex+8}
  9423 | D:11     | Identified the blade talisman "Ysugoaqu" {rF+ Int+6}
  9455 | D:11     | Noticed a boulder beetle
  9477 | D:11     | Killed a boulder beetle
  9862 | D:11     | Noticed Harold
  9874 | D:11     | Killed Harold
 10068 | D:11     | Identified the staff of the Hairy God {*Corrode rF+ rN+
                  | Will- Dex+6 Fire}
 10291 | D:12     | Noticed a deep elf pyromancer
 10295 | D:12     | Killed a deep elf pyromancer
 10331 | D:12     | Found Hexy's Weapon Boutique.
 10390 | D:12     | Reached **** piety under Qazlal
 10636 | D:12     | Reached skill level 10 in Shields
 10726 | D:12     | Noticed a two-headed ogre
 10747 | D:12     | Killed a two-headed ogre
 10829 | D:12     | Found a staircase to the Orcish Mines.
 10846 | D:12     | Reached XP level 12. HP: 106/106 MP: 4/11
 11158 | D:12     | Noticed Gastronok
 11172 | D:12     | Killed Gastronok
 11407 | D:12     | Found Lom Hoeq's General Store.
 11436 | D:12     | Noticed a boulder beetle
 11463 | D:12     | Killed a boulder beetle
 11464 | D:12     | Reached skill level 1 in Throwing
 11719 | Lair:1   | Entered Level 1 of the Lair of Beasts
 11738 | Lair:1   | Reached ***** piety under Qazlal
 12100 | Lair:1   | Reached skill level 15 in Axes
 12127 | Lair:1   | Found a transporter.
 12127 | Lair:1   | Found a transporter.
 12131 | Lair:1   | Noticed Fuykliru's ghost (journeyman MiFi)
 12403 | Lair:1   | Found a bloodstained altar of Trog.
 12590 | Lair:2   | Reached skill level 5 in Throwing
 12833 | Lair:2   | Found a frozen archway.
 12842 | IceCv    | Entered an ice cave
 12984 | IceCv    | Reached skill level 10 in Armour
 13276 | IceCv    | Reached XP level 13. HP: 113/113 MP: 0/12
 13645 | IceCv    | Noticed a frost giant
 13659 | IceCv    | Killed a frost giant
 13887 | IceCv    | Found the +2 Maxwell's thermic engine {flame, freeze, rev}
 14196 | Lair:2   | Reached skill level 1 in Long Blades
 14259 | Lair:2   | Found a staircase to the Swamp.
 14934 | Lair:2   | Acquired 1300 gold pieces
 15013 | Lair:3   | Noticed Sonja
 15034 | Lair:3   | Killed Sonja
 15190 | Lair:3   | Reached skill level 5 in Invocations
 15349 | Lair:3   | Noticed Urug
 15359 | Lair:3   | Killed Urug
 15494 | Lair:3   | Found a gate leading to a gauntlet.
 15501 | Lair:3   | Noticed Nessos
 15509 | Gauntlet | Entered a Gauntlet
 15509 | Gauntlet | Found a transporter.
 15509 | Gauntlet | Found a transporter.
 15510 | Gauntlet | Found a transporter.
 15512 | Gauntlet | Found a transporter.
 15513 | Gauntlet | Found a transporter.
 15523 | Gauntlet | Found a transporter.
 15527 | Gauntlet | Found a transporter.
 15543 | Gauntlet | Found a transporter.
 15544 | Gauntlet | Found a transporter.
 15561 | Gauntlet | Found a transporter.
 15565 | Gauntlet | Found a transporter.
 15575 | Gauntlet | Found a transporter.
 15964 | Gauntlet | Reached ****** piety under Qazlal
 16016 | Gauntlet | Identified the ring of Ephemeral Luck {rC+ Str+3 Dex-3}
 16149 | Gauntlet | Noticed a minotaur
 16162 | Gauntlet | Killed a minotaur
 16166 | Gauntlet | Identified the +0 ring mail of Truth {rC- rN+ Int+5 SInv}
 16166 | Gauntlet | Identified the +2 battleaxe of the Shoals {speed, Str+3
                  | Stlth+}
 16242 | Lair:3   | Killed Nessos
 16435 | Lair:3   | Found a hole to the Spider Nest.
 16662 | Lair:3   | Reached skill level 5 in Long Blades
 16666 | Lair:3   | Reached XP level 14. HP: 130/132 MP: 15/18
 16966 | Lair:3   | Noticed AceOff's ghost (journeyman DrSh)
 16975 | Lair:3   | Found a transporter.
 17039 | Lair:3   | Found a transporter.
 17058 | Lair:3   | Killed AceOff's ghost
 17073 | Lair:3   | Identified the +1 helmet of the Lonely Curses {rElec rPois
                  | Will+}
 17449 | Lair:4   | Found a viscous altar of Jiyva.
 17453 | Lair:4   | Found a staircase to the Slime Pits.
 18137 | Lair:5   | Entered Level 5 of the Lair of Beasts
 18143 | Lair:5   | Reached skill level 15 in Fighting
 18179 | Lair:5   | Paralysed by a hornet for 2 turns
 18449 | Lair:5   | Noticed Rupert
 18458 | Lair:5   | Killed Rupert
 18675 | Lair:5   | Reached skill level 10 in Invocations
 19698 | Lair:5   | Reached skill level 10 in Long Blades
 19698 | Lair:5   | Reached XP level 15. HP: 142/147 MP: 19/21
 20164 | Lair:5   | Identified the +10 short sword of Honesty {spect, rN+
                  | Str+2}
 20166 | Lair:5   | Identified the maw talisman of Zumut {rN+ Will+ Int-3
                  | Stlth+}
 20769 | Orc:1    | Entered Level 1 of the Orcish Mines
 21194 | Orc:2    | Entered Level 2 of the Orcish Mines
 21247 | Orc:2    | Paralysed by an orc sorcerer for 5 turns
 21536 | Orc:2    | Found a staircase to the Elven Halls.
 22081 | Orc:2    | Found a flickering gateway to a bazaar.
 22090 | Bazaar   | Entered a bazaar
 22090 | Bazaar   | Found Syis's Antique Weapon Shop.
 22109 | Bazaar   | Found Jek Laos's Magic Scroll Shoppe.
 22114 | Bazaar   | Found Suoletalic's Armour Shoppe.
 22125 | Bazaar   | Found Ysuicwuh's Distillery.
 22133 | Bazaar   | Bought 2 potions of curing for 60 gold pieces
 22133 | Bazaar   | Bought a potion of curing for 30 gold pieces
 22133 | Bazaar   | Bought a potion of might for 40 gold pieces
 22141 | Bazaar   | Bought the +0 pair of boots of the Slug {rC+ Will+} for 433
                  | gold pieces
 22153 | Bazaar   | Bought a scroll of enchant armour for 120 gold pieces
 22153 | Bazaar   | Bought a scroll of blinking for 120 gold pieces
 22153 | Bazaar   | Bought a scroll of teleportation for 48 gold pieces
 22153 | Bazaar   | Bought a scroll of teleportation for 48 gold pieces
 22488 | Orc:2    | Found Xuffae's Assorted Antiques.
 22488 | Orc:2    | Found Iwyror's Book Shop.
 22490 | Orc:2    | Found Odeesan's Antique Armour Emporium.
 22490 | Orc:2    | Found Niniozak's Assorted Antiques.
 22508 | Orc:2    | Bought a scroll of teleportation for 111 gold pieces
 22508 | Orc:2    | Bought a scroll of enchant armour for 277 gold pieces
 22508 | Orc:2    | Bought a notched golden ring for 185 gold pieces
 22508 | Orc:2    | Bought a tubular tourmaline ring for 185 gold pieces
 22516 | Orc:2    | Bought a heavily runed chain mail for 332 gold pieces
 22516 | Orc:2    | Identified the +1 chain mail "Riuweruy" {Drain rF+ Stlth+}
                  | (You bought it in a shop on level 2 of the Orcish Mines)
 22516 | Orc:2    | Bought a glowing cloak for 262 gold pieces
 22797 | Spider:1 | Entered Level 1 of the Spider Nest
 23026 | Spider:1 | Reached skill level 15 in Long Blades
 24220 | Spider:1 | Reached XP level 16. HP: 145/157 MP: 17/22
 24861 | Spider:2 | Noticed Arachne
 25016 | Spider:1 | Killed Arachne
 25856 | Spider:2 | Identified the +0 ring mail of Mezcal {rC++ rCorr}
 25868 | Spider:2 | Identified the serpent talisman of the Endless Priests
                  | {rC++ rCorr}
 25868 | Spider:2 | Noticed Aizul
 25875 | Spider:2 | Killed Aizul
 25921 | Spider:2 | You fall into a shaft and drop 1 floor!
 26581 | Spider:3 | Identified the ring "Cuj Tien" {rPois rN+ Will+ MP+9 Dex+2}
 27450 | Spider:4 | Entered Level 4 of the Spider Nest
 28609 | Spider:4 | Reached XP level 17. HP: 33/173 MP: 24/24
 29102 | Spider:4 | Identified the +1 ring mail of Repulsion {rN++ Str-4 Int+5}
 29482 | Spider:4 | Got a gossamer rune of Zot
 30699 | D:14     | Found a blossoming altar of Fedhas.
 30823 | D:14     | Identified the ring of Mashaath {AC+4 Str+2}
 30934 | D:14     | Noticed Roxanne
 30947 | D:14     | Killed Roxanne
 31513 | D:14     | Found a gate to the Vaults.
 31686 | D:15     | Entered Level 15 of the Dungeon
 31719 | D:15     | Reached skill level 15 in Armour
 31912 | D:15     | Got the Handbook of the Throng and Moulding
 32075 | D:15     | Found a staircase to the Depths.
 32401 | D:15     | Found a portal to a secret trove of treasure.
 32659 | Depths:1 | Entered Level 1 of the Depths
 32667 | Depths:1 | Noticed a sphinx
 32673 | Depths:1 | Killed a sphinx
 33156 | Depths:1 | Found a gateway to Hell.
 33187 | Depths:1 | Found Leop's Antique Weapon Boutique.
 33190 | Depths:1 | Found Losmiash's Antique Armour Boutique.
 33190 | Depths:1 | Found Daid's General Store.
 33193 | Depths:1 | Found Ywni's Weapon Shop.
 33683 | Depths:1 | Found a glowing golden altar of the Shining One.
 33823 | Depths:1 | Noticed a titan
 33824 | Depths:1 | Noticed a titan
 33830 | Depths:1 | Killed a titan
 33833 | Depths:1 | Killed a titan
 33849 | Depths:1 | Reached XP level 18. HP: 100/182 MP: 26/26
 33877 | Depths:1 | Identified the ring of Qoasie {Will+ Str+6}
 34308 | Depths:1 | Acquired a manual of Evocations
 34805 | Swamp:1  | Entered Level 1 of the Swamp
 34831 | Swamp:1  | Reached skill level 1 in Evocations
 35272 | Swamp:1  | Acquired the +0 pair of gloves of Resourcefulness {Will++
                  | Int-2}
 35457 | Swamp:2  | Reached skill level 5 in Evocations
 36088 | Swamp:3  | Noticed Donald
 36102 | Swamp:2  | HP: 6/182 [Donald/+4 long sword of protection (21)]
 36458 | Swamp:2  | Killed Donald
 36684 | Swamp:3  | Acquired 569 gold pieces
 36688 | Swamp:3  | Acquired the ring "Qopayxeu" {rCorr AC+4 Str+3}
 36695 | Swamp:3  | Acquired 585 gold pieces
 37115 | Swamp:4  | Entered Level 4 of the Swamp
 37141 | Swamp:4  | Reached skill level 1 in Maces & Flails
 37672 | Swamp:4  | Reached skill level 10 in Evocations
 38001 | Swamp:4  | Noticed Mlioglotl
 38010 | Swamp:4  | Killed Mlioglotl
 38393 | Swamp:4  | Acquired a manual of Air Magic
 38421 | Swamp:4  | Got a decaying rune of Zot
 39093 | Depths:1 | Bought the +2 shield of Resistance {rF++ rC++ Will++} for
                  | 2397 gold pieces
 39093 | Depths:1 | Found the +2 shield of Resistance {rF++ rC++ Will++}
 39300 | Elf:1    | Entered Level 1 of the Elven Halls
 39528 | Elf:1    | Found a crumbling gateway.
 39537 | Desolati | Entered the Desolation of Salt
 39612 | Desolati | Identified the ring of Moenoir {rPois rF- AC+4 Int+6 Dex-2
                  | Slay+3}
 39638 | Desolati | Reached XP level 19. HP: 100/189 MP: 27/27
 40031 | Desolati | Identified the amulet of Caapp {Spirit Slay+2}
 40034 | Desolati | Identified the ring of the Doge {rC- Will- MP+9 Dex+10}
 40041 | Desolati | Identified the ring of the Solstice {rC+ Will+ Int+4 Slay+3
                  | SInv}
 40043 | Desolati | Identified the +0 leather armour of Fortification {Regen+
                  | Dex+2}
 40314 | Desolati | Identified the ring "Tiurch" {rPois rN+ Will+ Str-2 Slay+4}
 40514 | Desolati | Got the Anthology of Mutated Spellbinding
 40522 | Desolati | Got the Almanac of Fog
 40585 | Desolati | Identified the +10 short sword of Eternal Night {elec,
                  | rCorr Str+5 Int-3}
 40736 | Desolati | Identified the ring of Xopomeg {rCorr Str-5 Dex+5}
 42330 | Elf:2    | Found a radiant altar of Vehumet.
 42395 | Elf:2    | Found Enwahuec's One-of-a-Kind Books.
 42681 | Elf:2    | Reached skill level 15 in Shields
 42791 | Elf:2    | Found a huge runed translucent gate.
 42791 | Elf:2    | Found a huge runed translucent gate.
 42791 | Elf:2    | Found a huge runed translucent gate.
 42791 | Elf:2    | Found a huge runed translucent gate.
 42792 | Elf:2    | Found a huge runed translucent gate.
 42930 | Elf:2    | Noticed Nikola
 42946 | Elf:2    | Killed Nikola
 43367 | Elf:2    | Noticed Louise
 43391 | Elf:2    | Killed Louise
 43867 | D:14     | Acquired 904 gold pieces
 43907 | Vaults:1 | Entered Level 1 of the Vaults
 43929 | Vaults:1 | Reached XP level 20. HP: 139/198 MP: 28/28
 44230 | Vaults:1 | Found Barreneip's Jewellery Emporium.
 44367 | Vaults:1 | Found Zot Penk's Weapon Emporium.
 45464 | Vaults:2 | Found Jenas's Assorted Antiques.
 45471 | Vaults:2 | Bought a scroll of teleportation for 84 gold pieces
 45471 | Vaults:2 | Bought a scroll of teleportation for 84 gold pieces
 45471 | Vaults:2 | Bought a scroll of fear for 112 gold pieces
 45471 | Vaults:2 | Bought a scroll of revelation for 210 gold pieces
 45574 | Vaults:2 | Identified the +2 robe of Aclib {rN+}
 46155 | Vaults:3 | Noticed Jory
 46183 | Vaults:3 | Killed Jory
 46502 | Vaults:3 | Reached XP level 21. HP: 203/204 MP: 29/29
 46726 | Vaults:3 | Found a staircase to the Crypt.
 47428 | Vaults:4 | Found Beocev's Book Shop.
 47465 | Vaults:4 | Noticed Norris
 47481 | Vaults:4 | Killed Norris
 47615 | Vaults:4 | Identified the +1 sling "Kilutyvoty" {freeze, +Blink Will-
                  | MP+9}
 48207 | Vaults:5 | Entered Level 5 of the Vaults
 48219 | Vaults:5 | Reached XP level 22. HP: 214/217 MP: 30/30
 48816 | Vaults:5 | Identified the +1 falchion of the Seer {pain, rF+ Str+5
                  | SInv}
 48840 | Vaults:5 | Identified the +3 trident "Kaesat" {freeze, rF+++ rC-
                  | Dex+3}
 48904 | Vaults:5 | Identified the +5 great sword "Nemih" {spect, rPois}
 48927 | Vaults:5 | Got a silver rune of Zot
 49071 | Vaults:5 | Identified the +2 robe "Hero's Friend" {MP+9}
 49172 | Vaults:5 | Identified the ring of Luoseyh {rC+ Int+5 Dex+3}
 49202 | Vaults:5 | Noticed a golden dragon
 49217 | Vaults:5 | Killed a golden dragon
 49279 | Vaults:5 | Noticed Xtahua
 49286 | Vaults:5 | Killed Xtahua
 49333 | Vaults:5 | Got the Book of Conflagration and Hoarfrost
 49404 | Vaults:5 | Acquired a manual of Poison Magic
 49408 | Vaults:5 | Acquired 1072 gold pieces
 49539 | Vaults:5 | Got the Handbook of Pneumatic Direction
 50168 | Depths:2 | Noticed Vv
 50204 | Depths:2 | Killed Vv
 50204 | Depths:2 | Noticed a golden dragon
 50221 | Depths:2 | Killed a golden dragon
 50331 | Depths:2 | Found a corrupted altar of Lugonu.
 50498 | Depths:2 | Found a one-way gate leading to the halls of Pandemonium.
 50586 | Depths:2 | Reached XP level 23. HP: 232/232 MP: 31/31
 50651 | Depths:2 | Noticed Bai Suzhen
 50668 | Depths:2 | Killed Bai Suzhen
 50681 | Depths:2 | Identified the +1 great sword "Pifyg" {heavy, rC+ rN+ Will-
                  | Str+2}
 51208 | Depths:2 | Identified the serpent talisman of Spite {rN+ Dex+3 Slay+4
                  | Stlth-}
 51227 | Depths:2 | Found a one-way gateway to a ziggurat.
 51641 | Depths:3 | Found a one-way gate to the infinite horrors of the Abyss.
 52199 | Depths:3 | Identified the +1 robe of Fun and Games {Contam rF+ Regen+
                  | Archmagi}
 52202 | Depths:3 | Identified the +3 chain mail of True Grit {rElec Dex+5}
 52316 | Depths:4 | Entered Level 4 of the Depths
 52330 | Depths:4 | Gained mutation: You occasionally lose the ability to read
                  | scrolls when taking damage. [a neqoxec]
 52626 | Depths:4 | Noticed Boris
 52640 | Depths:4 | Killed Boris
 52647 | Depths:4 | Identified the +0 morningstar of Oily Judgement {holy,
                  | Dex+2}
 52945 | Depths:4 | Noticed a caustic shrike
 52947 | Depths:4 | Noticed a caustic shrike
 52948 | Depths:4 | Noticed a caustic shrike
 52955 | Depths:4 | Killed a caustic shrike
 52956 | Depths:4 | Killed a caustic shrike
 52960 | Depths:4 | Killed a caustic shrike
 53156 | Depths:4 | Reached XP level 24. HP: 232/241 MP: 31/31
 53415 | Depths:4 | Found a gate to the Realm of Zot.
 53712 | Slime:1  | Entered Level 1 of the Pits of Slime
 54322 | Slime:3  | Found a viscous altar of Jiyva.
 54341 | Slime:3  | Gained mutation: You sometimes lose the ability to read
                  | scrolls when taking damage. [a shining eye]
 54968 | Slime:5  | Entered Level 5 of the Pits of Slime
 55021 | Slime:5  | Noticed the Royal Jelly
 55053 | Slime:5  | Killed the Royal Jelly
 55451 | Slime:4  | Lost mutation: You sometimes lose the ability to read
                  | scrolls when taking damage. [potion of mutation]
 55451 | Slime:4  | Lost mutation: You occasionally lose the ability to read
                  | scrolls when taking damage. [potion of mutation]
 55451 | Slime:4  | Gained mutation: You are vulnerable to heat. (rF-) [potion
                  | of mutation]
 55451 | Slime:4  | Gained mutation: You are somewhat resistant to further
                  | mutation. [potion of mutation]
 55452 | Slime:4  | Lost mutation: You are somewhat resistant to further
                  | mutation. [potion of mutation]
 55452 | Slime:4  | Lost mutation: You are vulnerable to heat. (rF-) [potion of
                  | mutation]
 55452 | Slime:4  | Gained mutation: Your health recovers twice as slowly from
                  | being drained. [potion of mutation]
 55452 | Slime:4  | Gained mutation: You are somewhat resistant to further
                  | mutation. [potion of mutation]
 55453 | Slime:4  | Lost mutation: You are somewhat resistant to further
                  | mutation. [potion of mutation]
 55453 | Slime:4  | Lost mutation: Your health recovers twice as slowly from
                  | being drained. [potion of mutation]
 55453 | Slime:4  | Gained mutation: Your flesh is cold resistant. (rC+)
                  | [potion of mutation]
 55453 | Slime:4  | Gained mutation: You are somewhat resistant to further
                  | mutation. [potion of mutation]
 55453 | Slime:4  | Gained mutation: Your system is resistant to poisons.
                  | (rPois) [potion of mutation]
 55507 | Slime:5  | Identified the +12 long sword of Demand {flame, *Slow rElec
                  | rCorr Stlth+}
 55516 | Slime:5  | Identified the staff of Voracious Expedience {rN+ Necro
                  | Fire Ice}
 55791 | Slime:5  | Identified the +3 robe "Neonoud" {-Tele rPois Dex+3}
 55793 | Slime:5  | Got a slimy rune of Zot
 55794 | Slime:5  | Identified the +6 plate armour "Itunen" {rElec Str+2}
 55806 | Slime:5  | Got the Thoughts on Detritus and Formation
 55980 | Slime:5  | Got Byrap's Parchment of Conduction and Momentum
 55995 | Slime:5  | Identified the +0 leather armour of Mikhly {Rampage Dex+3}
 56641 | Elf:3    | Entered Level 3 of the Elven Halls
 57157 | Elf:3    | Paralysed by an air elemental for 1 turns
 57362 | Elf:3    | Identified the ring "Moengine" {Ice rCorr}
 57381 | Elf:3    | Got the Information on Burning
 57419 | Elf:3    | Identified the staff of the Orcish Mines {Fly rF+ Conj}
 57423 | Elf:3    | Got the Volume of the Curse
 57468 | Elf:3    | Identified the +5 flail of the Thirteen Knives {drain,
                  | Will- rCorr Int+3}
 58265 | Depths:4 | Voluntarily entered the Abyss.
 58316 | Abyss:2  | Found a corrupted altar of Lugonu.
 58369 | Abyss:2  | Found an opulent altar of Gozag.
 58512 | Abyss:2  | Reached XP level 25. HP: 175/204 MP: 31/31
 58610 | Abyss:2  | Paralysed by accursed screaming for 1 turns
 58637 | Abyss:3  | Found a corrupted altar of Lugonu.
 58964 | Abyss:3  | Gained mutation: Your health recovers twice as slowly from
                  | being drained. [a neqoxec]
 59240 | Abyss:3  | Reached skill level 27 in Fighting
 59308 | Abyss:3  | Got an abyssal rune of Zot
 59355 | Abyss:3  | Gained mutation: You occasionally lose the ability to read
                  | scrolls when taking damage. [a neqoxec]
 59406 | Depths:4 | Escaped the Abyss
 59471 | D:15     | You showed the abyssal rune of Zot to enter a treasure
                  | trove
 59472 | Trove    | Entered a treasure trove
 59474 | Trove    | Identified the amulet of Qirieske {Spirit Stlth+}
 59476 | Trove    | Identified the amulet of Ugisif {Reflect rPois rF++ Dex-3
                  | SH+5 SInv}
 59479 | Trove    | Identified the +2 hat of Moral Flaws {-Cast rN+++ Str-4
                  | Dex+5}
 59480 | Trove    | Identified the +2 hat of Sin {Int+2}
 59509 | Trove    | Identified the ring "Tahij" {rPois rC+ Str-5 Dex+4 SInv}
 59527 | Trove    | Identified the ring of Bunlo {rC+ Will+ rCorr Dex-3 SInv}
 59549 | Trove    | Identified the ring "Beoddom" {Ice rPois rN+ Stlth+}
 59571 | Trove    | Identified the ring of Hakaamiu {Fly rPois Dex+3}
 59584 | Trove    | Identified the +2 buckler "Seumu" {rN++ Regen+}
 59593 | Trove    | Identified the ring "Ovefit Ymper" {rElec rCorr Int+3}
 59810 | Crypt:1  | Entered Level 1 of the Crypt
 59848 | Crypt:1  | Noticed Boris
 59870 | Crypt:1  | Killed Boris
 59940 | Crypt:1  | Identified the ring of the Bursted God {Ice +Blink Will+
                  | MP+9 Str+2}
 59940 | Crypt:1  | Noticed Josephina
 59957 | Crypt:1  | Killed Josephina
 60394 | Crypt:1  | Noticed Sojobo
 60422 | Crypt:1  | Killed Sojobo
 60592 | Crypt:2  | Reached skill level 27 in Shields
 60647 | Crypt:2  | Noticed Saint Roka
 60663 | Crypt:2  | Killed Saint Roka
 61394 | Crypt:3  | Entered Level 3 of the Crypt
 61542 | Crypt:3  | Reached XP level 26. HP: 266/266 MP: 31/31
 61929 | Crypt:3  | Identified the +9 quarterstaff of the Piercing Pariah
                  | {flame, rC++ Str-2 Dex+3 SInv}
 62205 | Crypt:3  | Found a staircase to the Tomb.
 62254 | Crypt:3  | Found an ancient bone altar of Kikubaaqudgha.
 62448 | Crypt:3  | Found a basalt altar of Yredelemnul.
 62453 | Crypt:3  | Noticed an ancient lich
 62469 | Crypt:3  | Killed an ancient lich
 62771 | Crypt:3  | Found the +3 hat of Pondering {ponderous, Will+ MP+10
                  | Int+5}
 63468 | Hell     | Entered the Vestibule of Hell
 63468 | Hell     | Noticed Geryon
 63489 | Hell     | Noticed Murray
 63505 | Hell     | Killed Murray
 63505 | Hell     | Killed Geryon
 63930 | Hell     | Found a gateway to the freezing wastes of Cocytus.
 63985 | Hell     | Found a gateway to the Iron City of Dis.
 64070 | Hell     | Found a gateway to the ashen valley of Gehenna.
 64194 | Hell     | Found a gateway to the decaying netherworld of Tartarus.
 64318 | Coc:1    | Entered Level 1 of Cocytus
 64681 | Coc:1    | Paralysed by a wendigo for 1 turns
 64952 | Hell     | Lost mutation: You are somewhat resistant to further
                  | mutation. [potion of mutation]
 64952 | Hell     | Lost mutation: Your health recovers twice as slowly from
                  | being drained. [potion of mutation]
 64952 | Hell     | Gained mutation: You are partially covered in iridescent
                  | scales. (AC +2) [potion of mutation]
 64952 | Hell     | Gained mutation: You have a pair of large horns on your
                  | head. [potion of mutation]
 64952 | Hell     | Gained mutation: Your flesh is very cold resistant. (rC++)
                  | [potion of mutation]
 64953 | Hell     | Lost mutation: You occasionally lose the ability to read
                  | scrolls when taking damage. [potion of mutation]
 64953 | Hell     | Lost mutation: You are partially covered in iridescent
                  | scales. (AC +2) [potion of mutation]
 64953 | Hell     | Lost mutation: Your flesh is very cold resistant. (rC++)
                  | [potion of mutation]
 64953 | Hell     | Gained mutation: Your magical capacity is low. (-10% MP)
                  | [potion of mutation]
 64953 | Hell     | Gained mutation: You have large cloven feet. [potion of
                  | mutation]
 64953 | Hell     | Gained mutation: You are strong-willed. (Will+) [potion of
                  | mutation]
 65056 | Zot:1    | Entered Level 1 of the Realm of Zot
 65307 | Zot:2    | Noticed an orb of fire
 65322 | Zot:2    | Gained mutation: You are dopey. (Int -2) [an orb of fire]
 65323 | Zot:2    | Reached XP level 27. HP: 262/268 MP: 28/28
 65337 | Zot:2    | Gained mutation: You occasionally lose the ability to read
                  | scrolls when taking damage. [an orb of fire]
 65346 | Zot:2    | Gained mutation: Your health recovers twice as slowly from
                  | being drained. [an orb of fire]
 65350 | Zot:2    | Gained mutation: You sometimes lose the ability to read
                  | scrolls when taking damage. [an orb of fire]
 65352 | Zot:2    | Gained mutation: Your magical capacity is very low. (-20%
                  | MP) [an orb of fire]
 65356 | Zot:2    | Killed an orb of fire
 65376 | Zot:2    | Lost mutation: You are strong-willed. (Will+) [potion of
                  | mutation]
 65376 | Zot:2    | Lost mutation: Your system is resistant to poisons. (rPois)
                  | [potion of mutation]
 65376 | Zot:2    | Gained mutation: You have supernaturally acute eyesight.
                  | (SInv) [potion of mutation]
 65377 | Zot:2    | Lost mutation: You have large cloven feet. [potion of
                  | mutation]
 65377 | Zot:2    | Lost mutation: Your magical capacity is very low. (-20% MP)
                  | [potion of mutation]
 65377 | Zot:2    | Gained mutation: Your flesh is heat resistant. (rF+)
                  | [potion of mutation]
 65378 | Zot:2    | Lost mutation: You have supernaturally acute eyesight.
                  | (SInv) [potion of mutation]
 65378 | Zot:2    | Lost mutation: Your flesh is cold resistant. (rC+) [potion
                  | of mutation]
 65378 | Zot:2    | Gained mutation: You do not regenerate when monsters are
                  | visible. [potion of mutation]
 65378 | Zot:2    | Gained mutation: You are clumsy. (Dex -2) [potion of
                  | mutation]
 65379 | Zot:2    | Lost mutation: You have a pair of large horns on your head.
                  | [potion of mutation]
 65379 | Zot:2    | Lost mutation: Your flesh is heat resistant. (rF+) [potion
                  | of mutation]
 65379 | Zot:2    | Lost mutation: Your magical capacity is low. (-10% MP)
                  | [potion of mutation]
 65379 | Zot:2    | Lost mutation: You do not regenerate when monsters are
                  | visible. [potion of mutation]
 65379 | Zot:2    | Gained mutation: Your spells are a little harder to cast,
                  | but a little more powerful. [potion of mutation]
 65380 | Zot:2    | Lost mutation: You sometimes lose the ability to read
                  | scrolls when taking damage. [potion of mutation]
 65380 | Zot:2    | Lost mutation: You are dopey. (Int -2) [potion of mutation]
 65380 | Zot:2    | Lost mutation: You occasionally lose the ability to read
                  | scrolls when taking damage. [potion of mutation]
 65380 | Zot:2    | Gained mutation: You passively map a small area around you.
                  | [potion of mutation]
 65408 | Zot:2    | Found the +5 demon whip "Spellbinder" {antimagic, disrupt,
                  | Will+}
 65552 | Zot:3    | Noticed an orb of fire
 65553 | Zot:3    | Gained mutation: Your body sometimes deteriorates upon
                  | taking damage. [an orb of fire]
 65560 | Zot:3    | Gained mutation: You have hidden genetic defects. [an orb
                  | of fire]
 65563 | Zot:3    | Reached skill level 27 in Axes
 65566 | Zot:3    | Gained mutation: You occasionally shout uncontrollably at
                  | your foes. [an orb of fire]
 65568 | Zot:3    | Gained mutation: Your body often deteriorates upon taking
                  | damage. [an orb of fire]
 65574 | Zot:3    | Killed an orb of fire
 65803 | Zot:5    | Entered Level 5 of the Realm of Zot
 65938 | Zot:5    | Noticed an ancient lich
 65948 | Zot:5    | Killed an ancient lich
 65956 | Zot:5    | Noticed an orb of fire
 65960 | Zot:5    | Noticed an orb of fire
 65961 | Zot:5    | Gained mutation: You occasionally lose the ability to read
                  | scrolls when taking damage. [hidden defects]
 65962 | Zot:5    | Gained mutation: Potions are less effective at restoring
                  | your health. [an orb of fire]
 65974 | Zot:5    | Gained mutation: You are dopey. (Int -2) [an orb of fire]
 65974 | Zot:5    | Noticed an orb of fire
 65978 | Zot:5    | Gained mutation: Armour fits poorly on your strangely
                  | shaped body. [an orb of fire]
 65981 | Zot:5    | Gained mutation: You sometimes lose the ability to read
                  | scrolls when taking damage. [an orb of fire]
 65982 | Zot:5    | Killed an orb of fire
 65983 | Zot:5    | Gained mutation: You occasionally lose the ability to drink
                  | potions when taking damage. [an orb of fire]
 65994 | Zot:5    | Killed an orb of fire
 66016 | Zot:5    | Killed an orb of fire
 66065 | Zot:5    | Lost mutation: You are dopey. (Int -2) [potion of mutation]
 66065 | Zot:5    | Lost mutation: Armour fits poorly on your strangely shaped
                  | body. [potion of mutation]
 66381 | Zot:5    | Gained mutation: You have terrible hidden genetic defects.
                  | [mutagenic glow]
 66395 | Zot:5    | Gained mutation: You are vulnerable to heat. (rF-) [hidden
                  | defects]
 66395 | Zot:5    | Lost mutation: You have terrible hidden genetic defects.
                  | [hidden defects expressed]
 66409 | Zot:5    | Noticed an orb of fire
 66410 | Zot:5    | Gained mutation: You are occasionally teleported next to
                  | monsters. [an orb of fire]
 66410 | Zot:5    | Noticed an orb of fire
 66412 | Zot:5    | Got the Orb of Zot
 66412 | Zot:5    | Gained mutation: You are dopey. (Int -2) [an orb of fire]
 66861 | D:7      | Noticed Ulocipp the pandemonium lord
 66957 | D:1      | Noticed Goliny the pandemonium lord
 66966 | D:$      | Escaped with the Orb!

Illustrated notes

Levels and vault maps discovered:
D:1:      psy_arrival_heroes, layout_basic, chequers_serial_rivers_micro_e,
          st_stairs_7
D:2:      layout_loops_cross, serial_shops, nicolae_shop_waterfront,
          hellmonk_ecumenical_altar_inner_sanctum, grunt_decor_fettered
D:3:      layout_basic, ebering_ghost_gozag, serial_shops, shop,
          minmay_starry_boxes, uniq_sigmund
D:4:      layout_basic, gammafunk_temple_overflow_claw, roderic_batcave,
          chequers_garden, minmay_manual_mail
D:5:      layout_rooms, nicolae_elyvilon_peaceful_grove,
          minmay_temple_entry_waves
D:6:      layout_loops_ring, gammafunk_ghost_smash, kennysheep_generic_room_13,
          uniq_grinder
D:7:      layout_loops_ring
D:8:      layout_basic, dpeg_lair_monsters, grunt_ogre_cave, uniq_joseph
D:9:      layout_loops_corners
D:10:     layout_basic
D:11:     layout_basic, zin_purify, uniq_harold
D:12:     layout_long_grid, erik_orc_2, serial_shops, shop, shop,
          grunt_ministairs_9, uniq_gastronok
D:13:     layout_loops_ring
D:14:     layout_basic, hellmonk_vaults_keyhole,
          minmay_staircase_windowed_small, fedhas_altar_2, uniq_roxanne
D:15:     hangedman_depths_entry_civil_slaughter, layout_loops_cross,
          serial_library_hellmonk_h_bend, nicolae_trove_entry_path_of_doom
Temple:   mainiacjoe_temple_bowtie_tessellation
Lair:1:   layout_loops_ring, gammafunk_ghost_wrathful_warriors,
          grunt_megastairs_1
Lair:2:   cheibrodos_lair_overgrown_chateau, layout_big_grid, swamp_mist,
          portal_ice_cave_entry_pillars_2, grunt_megastairs_4,
          serial_bayou_shore_b
Lair:3:   layout_gridlike, nicolae_spider_entry_orb_guardian,
          gammafunk_ghost_berserking_beasts, gauntlet_entry_generic,
          chequers_serial_rivers_micro_a, kennysheep_abandoned_house,
          lemuel_fruit_tree, uniq_sonja, uniq_nessos, uniq_urug
Lair:4:   layout_roguey, dpeg_slime_entry_corner
Lair:5:   hangedman_lair_caniforms_friends, layout_cave_pods,
          hangedman_lair_tendril_chambers, uniq_rupert
Swamp:1:  layout_falls_marsh, nicolae_swamp_fairy_circle
Swamp:2:  layout_basic_swamp, evilmike_swamp_ruin_wall,
          infiniplex_staircase_pool
Swamp:3:  layout_falls_marsh, nicolae_swamp_trees_clearing, swamp_pool_1_2,
          uniq_donald
Swamp:4:  swamp_icy, layout_basic_swamp, swamp_pool_1_2,
          nicolae_swamp_bunyip_nook, infiniplex_staircase_pool_2, uniq_mlioglotl
Spider:1: layout_chambers, drop_trap
Spider:2: layout_spider_delve, uniq_aizul, uniq_arachne
Spider:3: layout_spider_delve
Spider:4: grunt_spider_rune_circles
Slime:1:  layout_caves
Slime:2:  layout_caves
Slime:3:  layout_caves, basic_altar
Slime:4:  layout_caves, cheibrodos_slime_lost_civilization_4
Slime:5:  slime_pit_nicolae_inversion
Orc:1:    layout_caves
Orc:2:    grunt_orc_tribal_feast, layout_caves, serial_shops, bzr_entry_dummy
Elf:1:    nicolae_elf_arrival_no_cutting_in_line, layout_loops_ring,
          portal_desolation_entry_nicolae_nacl, evilmike_minifort
Elf:2:    elven_hall_of_blades_hangedman_alternative
          [infiniplex_blade_entry_pillars], layout_geoelf_grid, basic_altar,
          nicolae_rare_books, uniq_louise, uniq_nikola
Elf:3:    minmay_elf_hall_hex, layout_geoelf_octagon, billiards_dpeg
Vaults:1: vaults_mumra_minichess_inversion, hangedman_vaults_corner, v_misc_33,
          v_misc_23, v_misc_3, v_misc_2, nicolae_vaults_tetromino_T_1,
          nicolae_vaults_taking_the_gang_shopping, vaults_dpeg_ring,
          nicolae_vaults_house_1, vaults_room_door_ring, vaults_room_large_hall,
          nicolae_vaults_trapezoid_3, nicolae_vaults_house_2,
          layout_vaults_maze_snakey, serial_shops, nicolae_shop_statue_plus
Vaults:2: nicolae_vaults_security_offices_5, ontoclasm_vaults_chip,
          nicolae_vaults_house_3, nicolae_vaults_trapezoid_lopsided_1,
          layout_vaults_omnigrid, serial_shops, shop
Vaults:3: minmay_crypt_entry_nasty_monster, nicolae_vaults_shrinking_rooms_2,
          ontoclasm_vaults_shuriken, ontoclasm_vaults_twist,
          nicolae_vaults_double_plus_1, hangedman_vaults_variations,
          nicolae_vaults_loss_of_containment, hangedman_vaults_capsules,
          ontoclasm_vaults_gateway, ontoclasm_vaults_chip,
          layout_vaults_omnicross, uniq_jory
Vaults:4: nicolae_vaults_security_offices_2, nicolae_vaults_circle_grid_a,
          nicolae_vaults_house_3, serial_ice_g, v_alt_pattern_3,
          vaults_mumra_minichess, v_rooms_5, nicolae_vaults_yaktaur_gun_rack,
          vaults_mumra_hex, v_misc_25, nicolae_vaults_trapezoid_layered,
          nicolae_vaults_closet_pinwheel_6, v_misc_27, layout_vaults_omnibox,
          serial_shops, shop, uniq_norris
Vaults:5: uniq_xtahua
Crypt:1:  layout_basic, nicolae_crypt_ancient_font, skrybe_necro_troll_2,
          uniq_sojobo, uniq_josephina
Crypt:2:  layout_chaotic_city, nicolae_crypt_statuary_hall, uniq_saint_roka
Crypt:3:  church_of_pain_bobbens, layout_chaotic_city, tomb_entry_shell_bobbens,
          basic_altar
Depths:1: layout_gridlike, pf_coc_iceberg, nicolae_tso_swordbearing_angel,
          minmay_the_grid_square_5x5_3x3_mashed [minmay_the_grid_square_5x5_two,
          minmay_the_grid_square_5x5_checkered_sparse,
          minmay_the_grid_square_5x5_one_wall,
          minmay_the_grid_square_5x5_percent,
          minmay_the_grid_square_5x5_megaprize_crossed,
          minmay_the_grid_square_5x5_lines, minmay_the_grid_square_5x5_n_small,
          minmay_the_grid_square_5x5_mess,
          minmay_the_grid_square_5x5_tetrominoes], minmay_shoptagon
Depths:2: nzn_winding_woodlands_stair_cross [nzn_winding_woodlands_5x15_pool,
          nzn_winding_woodlands_center_lodge,
          nzn_winding_woodlands_5x15_lazy_stream,
          nzn_winding_woodlands_5x5_closed_star,
          nzn_winding_woodlands_5x5_default,
          nzn_winding_woodlands_5x15_river_crossing,
          nzn_winding_woodlands_center_pierced_h,
          nzn_winding_woodlands_5x15_crooked], layout_gridlike,
          enter_ziggurat_d, minmay_misc_feat_square, hell_entry, pan_entry,
          nicolae_danse_macabre, minmay_staircase_statues, serial_bayou_shore_b,
          uniq_bai_suzhen, uniq_vv
Depths:3: kennysheep_demon_jail, layout_cave_pools, hell_entry,
          rand_demon_pan_entry_5, abyss_entry, infiniplex_staircase_star
Depths:4: grunt_zot_entry_pinwheel, layout_gridlike,
          grunt_hell_entry_demonic_statue, minivault_11, abyss_entry, uniq_boris
Hell
Coc:1:    layout_ice_bergs
Zot:1:    layout_concentric_octagons, hangedman_zot_decor_tridents
Zot:2:    circus_mu, layout_onion, ebering_ghost_disaster_area, uniq_parghit
Zot:3:    layout_misc_corridors
Zot:4:    layout_cellular_growth, regret_index_zotdec_serpentine_scales,
          nicolae_zot_crop_circle, grunt_megastairs_2
Zot:5:    layout_twisted_circle

Skill      XL: |  1  2  3  4  5  6  7  8  9 10 11 12 13 14 15 16 17 18 19 20 21 22 23 24 25 26 27 |
---------------+----------------------------------------------------------------------------------+-----
Fighting       | 4 5 7 8 10 14 17 18 21 22 24 25 26 27 | 27.0
Axes           | 3 5 6 9 10 13 15 20 21 26 27 | 27.0
Armour         | 4 6 7 8 11 12 13 17 19 24 25 26 | 26.0
Dodging        | 4 8 13 15 21 | 21.0
Shields        | 4 10 11 15 18 21 24 27 | 27.0
Throwing       | 5 |  5.0
Invocations    | 7 10 11 13 | 13.0
Long Blades    | 5 10 16 19 | 19.2
Evocations     | 11 12 | 12.0
Maces & Flails | 4 |  4.0

Action                     |  1- 3 |  4- 6 |  7- 9 | 10-12 | 13-15 | 16-18 | 19-21 | 22-24 | 25-27 || total
---------------------------+-------+-------+-------+-------+-------+-------+-------+-------+-------++-------
  Melee: War axe           |   104 |    74 |   280 |   436 |       |       |       |       |       ||   894
         Headbutt          |    11 |     7 |    47 |   141 |   118 |   222 |   396 |   498 |   647 ||  2087
         Broad axe         |       |       |       |   157 |   231 |       |   786 |  1486 |  1926 ||  4586
         Great mace        |       |       |       |       |   498 |   603 |       |       |       ||  1101
         Double sword      |       |       |       |       |       |   293 |   442 |       |       ||   735
  Throw: Javelin           |       |       |       |       |     7 |    58 |     7 |     1 |       ||    73
         Dart              |       |       |       |       |     3 |     1 |       |       |       ||     4
         Throwing net      |       |       |       |       |     1 |     1 |       |       |       ||     2
 Invoke: Upheaval          |       |       |       |     1 |     2 |     1 |     2 |     5 |       ||    11
         Elemental Force   |       |       |       |       |     1 |     2 |       |     1 |     1 ||     5
         Disaster Area     |       |       |       |       |       |     2 |     3 |     2 |     1 ||     8
  Evoke: Wand              |       |       |       |     7 |     8 |       |     9 |       |       ||    24
         Phantom mirror    |       |       |       |       |       |     4 |       |       |       ||     4
    Use: Scroll            |       |     4 |     6 |    11 |     7 |    20 |    16 |    12 |     9 ||    85
         Potion            |       |     1 |     2 |       |     6 |    15 |     7 |     5 |    11 ||    47
   Stab: Distracted        |       |       |       |       |       |       |     1 |       |     1 ||     2
 Armour: Scale mail        |    97 |    56 |     9 |       |       |       |       |       |       ||   162
         Ring mail         |       |       |   162 |    65 |       |       |       |       |       ||   227
         Chain mail        |       |       |       |    82 |   602 |   968 |   425 |   122 |       ||  2199
         Gold dragon scale |       |       |       |       |       |       |       |   566 |   744 ||  1310
  Dodge: Dodged            |    49 |    54 |   202 |   216 |   643 |   820 |   247 |   280 |   296 ||  2807
         Repelled          |       |       |       |     1 |     6 |    22 |    20 |    21 |    16 ||    86
  Block: Buckler           |    23 |    16 |     3 |       |       |       |       |       |       ||    42
         Kite shield       |       |       |   161 |   445 |   283 |   378 |  1233 |  1495 |  2096 ||  6091
         Other             |       |       |       |       |   194 |   237 |       |       |       ||   431
         Reflection        |       |       |       |       |       |     7 |   115 |    56 |    32 ||   210

Table legend: (Time is in decaauts)
 A = Elapsed time spent in this place.
 B = Non-inter-level travel time spent in this place.
 C = Inter-level travel time spent in this place.
 D = Time resting spent in this place.
 E = Time spent auto-exploring this place.
 F = Levels seen in this place.
 G = Mean time per level.
                   A        B        C        D        E       F      G
               +--------+--------+--------+--------+--------+-----+--------+
         Total |  66478 |  61380 |   5098 |   6436 |  40858 |  66 | 1007.2 |
       Dungeon |  16566 |  14234 |   2332 |    199 |  11564 |  15 | 1104.4 |
        Temple |     19 |      2 |     17 |      0 |      0 |   1 |   19.0 |
          Lair |   7496 |   6873 |    623 |    235 |   5546 |   5 | 1499.2 |
         Swamp |   4372 |   4234 |    138 |    869 |   2628 |   4 | 1093.0 |
   Spider Nest |   6966 |   6768 |    198 |   1710 |   4097 |   4 | 1741.5 |
    Slime Pits |   2522 |   2350 |    172 |    337 |   1423 |   5 |  504.4 |
  Orcish Mines |   1896 |   1721 |    175 |    360 |   1096 |   2 |  948.0 |
   Elven Halls |   4386 |   4029 |    357 |    715 |   2377 |   3 | 1462.0 |
        Vaults |   6072 |   5604 |    468 |    319 |   3928 |   5 | 1214.4 |
         Crypt |   3235 |   3147 |     88 |    211 |   2087 |   3 | 1078.3 |
        Depths |   5781 |   5342 |    439 |    489 |   3684 |   4 | 1445.2 |
          Hell |   1088 |   1031 |     57 |    499 |    310 |   1 | 1088.0 |
       Cocytus |    109 |    109 |      0 |      0 |      0 |   1 |  109.0 |
           Zot |   1409 |   1381 |     28 |    258 |    253 |   5 |  281.8 |
         Abyss |   1044 |   1044 |      0 |      0 |      0 |   3 |  348.0 |
        Bazaar |     93 |     93 |      0 |      0 |      0 |   1 |   93.0 |
         Trove |    160 |    160 |      0 |      0 |      0 |   1 |  160.0 |
      Ice Cave |   1158 |   1158 |      0 |      0 |    878 |   1 | 1158.0 |
    Desolation |   1390 |   1390 |      0 |    234 |    652 |   1 | 1390.0 |
      Gauntlet |    706 |    706 |      0 |      0 |    331 |   1 |  706.0 |
               +--------+--------+--------+--------+--------+-----+--------+

Top non-repeatable levels by time:
Spider:1: 2716 daAuts
  Lair:5: 2505 daAuts
Depths:1: 2404 daAuts
Spider:3: 1976 daAuts
   Elf:2: 1963 daAuts
 Swamp:4: 1818 daAuts
  Lair:3: 1760 daAuts
 Crypt:3: 1672 daAuts
    D:12: 1641 daAuts
     D:9: 1599 daAuts
   Elf:1: 1467 daAuts
  Lair:2: 1446 daAuts
Depths:2: 1423 daAuts
Vaults:4: 1409 daAuts
    D:15: 1393 daAuts
